cohdb
Replays
Latest Replays
All Replays
Popular Replays
Top Player Replays
Match Explorer
How It Works
Community
CoH3 Stats
Reddit
Sign in to upload your games and track your stats! →
Sign in with Steam
Match 42046594
Unlisted
Match 42046594
Overview
Messages
Build Orders
End
Kradschützen Motorcycle Team
Selects Panzerjäger Kommand Battlegroup
Panzergrenadier Squad
Selects Mine Fields
250 Light Carrier
Construct Light Support Kompanie
MG34 Team
Panzerpioneer Squad
Selects GrB 39 Grenade Launcher Requisition
Construct Mechanized Kompanie
Assault Mechanized Group
Marder III Tank Destroyer
2.5-tonne Medical Truck
MG34 Team
Marder III Tank Destroyer
Advanced Field Repairs
Selects Early Warning
2.5-tonne Medical Truck
Marder III Tank Destroyer
Selects Butterfly Bomb Drop
Early Warning
Tungsten Core Ammunition
Butterfly Bomb Drop
Construct Panzerarmee Kommand
Assault Mechanized Group
Butterfly Bomb Drop
Selects Crew Shock Tactics
Walking Stuka Rocket Launcher
Butterfly Bomb Drop
MG34 Team
Early Warning
AI Takeover
Bc124
jeremerida
The Scourge of God
Bruistablet
samurai.g
bakemonogatari911
0
0
Comments
sign in to comment!
No comments posted yet!